 Dungeon Crawl Stone Soup version 0.21.1-1-g345015f (webtiles) character file.

1229 Vasilisck the Charmwright (level 8, -2/64 HPs)
             Began as a Gnoll Skald on Apr 5, 2018.
             Was a Believer of Okawaru.
             Killed from afar by Dowan (17 damage)
             ... with a shard of ice
             ... on level 6 of the Dungeon.
             The game lasted 00:17:04 (4932 turns).

Vasilisck the Charmwright (Gnoll Skald)             Turns: 4932, Time: 00:17:05

Health: -2/64      AC:  7    Str: 17    XL:     8   Next: 48%
Magic:  2/26       EV: 15    Int: 15    God:    Okawaru [**....]
Gold:   292        SH:  0    Dex: 14    Spells: 10/19 levels left

rFire    . . .     SeeInvis .   s - +4 hand axe
rCold    . . .     Gourm    .   (no shield)
rNeg     . . .     Faith    .   b - +0 leather armour
rPois    .         Spirit   .   (no helmet)
rElec    .         Reflect  .   (no cloak)
rCorr    .         Harm     .   v - +2 pair of gloves
MR       .....                  q - +0 pair of boots
Stlth    +++.......             (no amulet)
HPRegen  0.20/turn              l - ring of stealth
MPRegen  0.20/turn              y - ring of magical power

@: lethally poisoned (-2 -> -4), about to teleport, shrouded, infused
A: distributed training, fangs 1, strong nose
a: Heroism, Renounce Religion


You were on level 6 of the Dungeon.
You worshipped Okawaru.
Okawaru was pleased with you.
You were not hungry.

You visited 2 branches of the dungeon, and saw 7 of its levels.

You collected 292 gold pieces.

Inventory:

Hand Weapons
 a - a +0 mace
 s - a +4 hand axe (weapon)
Missiles
 C - 3 poisoned tomahawks (quivered)
Armour
 b - a +0 leather armour (worn)
 q - a +0 pair of boots (worn)
 v - a +2 pair of gloves (worn)
Jewellery
 l - a ring of stealth (left hand)
 y - a ring of magical power (right hand)
 A - an uncursed amulet of guardian spirit
Wands
 x - a wand of clouds (5)
Scrolls
 f - a scroll of magic mapping
 g - 3 scrolls of remove curse
 r - a scroll of identify
 w - a scroll of teleportation
Potions
 e - 2 potions of flight {unknown}
 h - a potion of magic
 i - a potion of invisibility {unknown}
 j - a potion of berserk rage
 k - a potion of cancellation {unknown}
 m - a potion of brilliance {unknown}
 n - 3 potions of curing
 o - a potion of degeneration
 p - a potion of resistance
 u - a potion of mutation {unknown}
 z - 2 potions of might {unknown}
Books
 c - a book of Battle

   Spells                             Type                      Level
   a - Infusion                       Charms                       1
   b - Shroud of Golubria             Charms/Translocation         2
   c - Song of Slaying                Charms                       2
   d - Spectral Weapon                Hexes/Charms                 3
   e - Regeneration                   Charms/Necromancy            3
 t - a book of Misfortune

   Spells                             Type                      Level
   a - Confusing Touch                Hexes                        1
   b - Confuse                        Hexes                        3
   c - Gell's Gravitas                Translocation                3
   d - Petrify                        Transmutation/Earth          4
   e - Metabolic Englaciation         Hexes/Ice                    5
   f - Yara's Violent Unravelling     Hexes/Transmutation          5
Comestibles
 d - 11 rations
 B - 2 chunks of flesh


   Skills:
 + Level 5.6 Fighting
 + Level 3.2 Short Blades
 + Level 3.2 Long Blades
 + Level 3.2 Axes
 + Level 5.6 Maces & Flails
 + Level 3.2 Polearms
 + Level 3.2 Staves
 + Level 3.2 Slings
 + Level 3.2 Bows
 + Level 3.2 Crossbows
 + Level 3.2 Throwing
 + Level 4.2 Armour
 + Level 5.6 Dodging
 + Level 3.2 Stealth
 + Level 3.2 Shields
 + Level 3.2 Unarmed Combat
 + Level 6.0 Spellcasting
 + Level 2.6 Conjurations
 + Level 2.6 Hexes
 + Level 6.1 Charms
 + Level 2.6 Summonings
 + Level 2.6 Necromancy
 + Level 2.6 Translocations
 + Level 2.6 Transmutations
 + Level 2.6 Fire Magic
 + Level 2.6 Ice Magic
 + Level 2.6 Air Magic
 + Level 2.6 Earth Magic
 + Level 2.6 Poison Magic
 + Level 3.5 Invocations
 + Level 3.2 Evocations


You had 10 spell levels left.
You knew the following spells:

 Your Spells              Type           Power        Failure   Level  Hunger
a - Infusion              Chrm           ###.         1%          1    None
b - Shroud of Golubria    Chrm/Tloc      ###.......   4%          2    #......
c - Regeneration          Chrm/Necr      ###.......   9%          3    ##.....
d - Spectral Weapon       Hex/Chrm       ###.....     9%          3    ##.....


Dungeon Overview and Level Annotations

Branches:
Dungeon (6/15)             Temple (1/1) D:4

Altars:
Ashenzari
Cheibriados
Dithmenos
Elyvilon
Fedhas
Hepliaklqana
Kikubaaqudgha
Makhleb
Nemelex Xobeh
Okawaru
Qazlal
Ru
Sif Muna
Trog
Uskayaw
Vehumet
Wu Jian
Xom
Yredelemnul
Zin
The Shining One

Annotations:
D:6 Dowan


Innate Abilities, Weirdness & Mutations

Your experience applies equally to all skills.
You have very sharp teeth.
Your uncanny sense of smell can sniff out nearby items.


Message History

Dowan seems overcome with grief, but rights himself reflexively soon after.
Dowan seems to find hidden reserves of power!
You barely miss Dowan. You miss the adder. You hit the worker ant zombie.
Your skin stops crawling.
Dowan closely misses you. The adder bites you but does no damage.
Dowan says, "Magic will overcome all!"
Dowan casts a spell at you. The shard of ice hits you!
* * * LOW HITPOINT WARNING * * *
The worker ant zombie barely misses you.
As you read the scroll of teleportation, it crumbles to dust.
You feel strangely unstable. The adder closely misses you.
Dowan gestures at you while chanting. The shard of ice hits you!
* * * LOW HITPOINT WARNING * * *
The worker ant zombie bites you but does no damage.
The adder bites you but does no damage. Dowan casts a spell at you.
The shard of ice hits you!
You die...

## ##### ###### ..
#...##########..8..
#.#...............P8.
..##..e....#.######....8
P....sS@.....# #.8..P
.P##..Z).†.### #..###
#......### #.)#
#...#..(.. ..#####..#
#....(#.##. #>.......#
..###...# §..)#####.####
# #.... .§ .####....#
#..§§ §.#.........#
######....#


You could see Dowan, a scorpion, an adder and a worker ant zombie.

Vanquished Creatures
  Menkaure (D:6)
  Duvessa (D:6)
  An ice beast (D:5)
  2 bullfrogs
  A centaur zombie (D:6)
  2 hounds
  2 crimson imps
  3 bullfrog skeletons
  2 orc priests
  A centaur skeleton (D:6)
  3 orc wizards (D:5)
  A worker ant (D:4)
  An iguana (D:5)
  A hound zombie (D:5)
  2 worker ant zombies (D:6)
  11 adders
  4 gnolls
  An ooze (D:1)
  2 adder zombies
  2 adder skeletons (D:4)
  3 worms
  3 dart slugs
  8 leopard geckos
  16 orcs
  3 ball pythons
  7 bats
  A giant cockroach (D:1)
  7 goblins
  7 hobgoblins
  9 jackals
  6 kobolds
  4 quokkas
  3 frilled lizards
  A jackal skeleton (D:6)
  A leopard gecko zombie (D:6)
  2 quokka skeletons (D:4)
  A quokka zombie (D:6)
  9 rats
135 creatures vanquished.

Notes
Turn   | Place    | Note
-------+----------+-------------------------------------------
     0 | D:1      | Vasilisck the Gnoll Skald began the quest for the Orb.
     0 | D:1      | Reached XP level 1. HP: 20/20 MP: 6/6
    23 | D:1      | Reached XP level 2. HP: 26/26 MP: 3/7
    31 | D:1      | Learned a level 2 spell: Shroud of Golubria
   490 | D:1      | Reached XP level 3. HP: 25/31 MP: 9/9
   500 | D:1      | Reached skill level 5 in Spellcasting
   605 | D:1      | Learned a level 3 spell: Regeneration
   609 | D:1      | Learned a level 3 spell: Spectral Weapon
   997 | D:2      | Reached skill level 1 in Invocations
  1148 | D:2      | Reached skill level 1 in Short Blades
  1148 | D:2      | Reached skill level 1 in Long Blades
  1148 | D:2      | Reached skill level 1 in Axes
  1148 | D:2      | Reached skill level 1 in Polearms
  1148 | D:2      | Reached skill level 1 in Staves
  1148 | D:2      | Reached skill level 1 in Slings
  1148 | D:2      | Reached skill level 1 in Bows
  1148 | D:2      | Reached skill level 1 in Crossbows
  1148 | D:2      | Reached skill level 1 in Throwing
  1148 | D:2      | Reached skill level 1 in Stealth
  1148 | D:2      | Reached skill level 1 in Shields
  1148 | D:2      | Reached skill level 1 in Unarmed Combat
  1148 | D:2      | Reached skill level 1 in Evocations
  1148 | D:2      | Reached XP level 4. HP: 16/38 MP: 6/11
  1827 | D:3      | Reached skill level 1 in Conjurations
  1827 | D:3      | Reached skill level 1 in Hexes
  1827 | D:3      | Reached skill level 1 in Summonings
  1827 | D:3      | Reached skill level 1 in Necromancy
  1827 | D:3      | Reached skill level 1 in Translocations
  1827 | D:3      | Reached skill level 1 in Transmutations
  1827 | D:3      | Reached skill level 1 in Fire Magic
  1827 | D:3      | Reached skill level 1 in Ice Magic
  1827 | D:3      | Reached skill level 1 in Air Magic
  1827 | D:3      | Reached skill level 1 in Earth Magic
  1827 | D:3      | Reached skill level 1 in Poison Magic
  2010 | D:3      | Reached XP level 5. HP: 26/43 MP: 0/12
  2659 | D:4      | Reached XP level 6. HP: 39/50 MP: 8/13
  2805 | D:4      | Found a staircase to the Ecumenical Temple.
  2829 | Temple   | Entered the Ecumenical Temple
  3052 | Temple   | Became a worshipper of Warmaster Okawaru
  3103 | D:4      | Found an iron altar of Okawaru.
  3247 | D:4      | Reached skill level 5 in Fighting
  3247 | D:4      | Reached skill level 5 in Maces & Flails
  3247 | D:4      | Reached skill level 5 in Dodging
  3370 | D:5      | Entered Level 5 of the Dungeon
  3530 | D:5      | Noticed an ice beast
  3546 | D:5      | Killed an ice beast
  3546 | D:5      | Reached * piety under Okawaru
  3546 | D:5      | Reached XP level 7. HP: 54/56 MP: 2/15
  4509 | D:6      | Noticed Menkaure
  4519 | D:6      | Killed Menkaure
  4519 | D:6      | Reached XP level 8. HP: 37/63 MP: 2/16
  4728 | D:6      | Reached ** piety under Okawaru
  4921 | D:6      | Noticed Duvessa
  4921 | D:6      | Noticed Dowan
  4931 | D:6      | Killed Duvessa
  4932 | D:6      | Killed from afar by Dowan

Skill      XL: |  1  2  3  4  5  6  7  8 |
---------------+-------------------------+-----
Spellcasting   | 5 6 |  6.0
Invocations    | 1 2 3 |  3.5
Short Blades   | 1 2 3 |  3.2
Long Blades    | 1 2 3 |  3.2
Axes           | 1 2 3 |  3.2
Polearms       | 1 2 3 |  3.2
Staves         | 1 2 3 |  3.2
Slings         | 1 2 3 |  3.2
Bows           | 1 2 3 |  3.2
Crossbows      | 1 2 3 |  3.2
Throwing       | 1 2 3 |  3.2
Stealth        | 1 2 3 |  3.2
Shields        | 1 2 3 |  3.2
Unarmed Combat | 1 2 3 |  3.2
Evocations     | 1 2 3 |  3.2
Conjurations   | 1 2 |  2.6
Hexes          | 1 2 |  2.6
Summonings     | 1 2 |  2.6
Necromancy     | 1 2 |  2.6
Translocations | 1 2 |  2.6
Transmutations | 1 2 |  2.6
Fire Magic     | 1 2 |  2.6
Ice Magic      | 1 2 |  2.6
Air Magic      | 1 2 |  2.6
Earth Magic    | 1 2 |  2.6
Poison Magic   | 1 2 |  2.6
Armour         | 3 4 |  4.2
Fighting       | 5 |  5.6
Maces & Flails | 5 |  5.6
Dodging        | 5 |  5.6
Charms         | 6 |  6.1

Action                   |  1- 3 |  4- 6 |  7- 9 || total
-------------------------+-------+-------+-------++-------
Melee: Mace              |   121 |    34 |       ||   155
       Bite              |     9 |    17 |    12 ||    38
       Hand axe          |       |   126 |    81 ||   207
       Punch             |       |     2 |       ||     2
Throw: Tomahawk          |       |       |     3 ||     3
 Cast: Infusion          |     6 |    26 |    13 ||    45
       Shroud of Golubri |     9 |     8 |     8 ||    25
       Spectral Weapon   |     3 |     3 |     5 ||    11
       Regeneration      |       |     1 |     3 ||     4
  Use: Scroll            |       |    11 |     1 ||    12
       Potion            |       |     2 |       ||     2
 Stab: Sleeping          |       |     5 |     3 ||     8
       Distracted        |       |     1 |     2 ||     3
  Eat: Chunk             |     1 |     9 |     5 ||    15
Armor: Leather armour    |    45 |    47 |    34 ||   126
Dodge: Dodged            |   148 |   181 |    81 ||   410
